 Dungeon Crawl Stone Soup version 0.28-a0-1435-g82390b3a13 (webtiles) character file.

Game seed: 8262037396187626297

153 HallandMoats the Skirmisher (level 5, -2/42 HPs)
             Began as a Demonspawn Fighter on Jan 9, 2022.
             Was an Initiate of Yredelemnul.
             Slain by a gnoll (6 damage)
             ... on level 3 of the Dungeon.
             The game lasted 00:02:22 (2096 turns).

HallandMoats the Skirmisher (Demonspawn Fighter)    Turns: 2096, Time: 00:02:22

Health: -2/42      AC:  6    Str: 19    XL:     5   Next: 12%
Magic:  5/5        EV:  9    Int:  9    God:    Yredelemnul [......]
Gold:   94         SH:  5    Dex: 18    Spells: 4/4 levels left

rFire   . . .      SeeInvis .   a - +0 war axe
rCold   . . .      Faith    .   c - +0 buckler
rNeg    . . .      Spirit   .   b - +0 scale mail
rPois   .          Reflect  .   (no helmet)
rElec   .          Harm     .   (no cloak)
rCorr   .          Rampage  .   (no gloves)
Will    .....                   (no boots)
Stlth   ..........              (no amulet)
HPRegen 0.14/turn               f - +6 ring of dexterity
MPRegen 0.09/turn               (no ring)

@: no status effects
A: powered by death 1, powered by pain 1, weakness stinger 1
a: Renounce Religion, Recall Undead Harvest


You were on level 3 of the Dungeon.
You worshipped Yredelemnul.
Yredelemnul was noncommittal.
You visited 1 branch of the dungeon, and saw 3 of its levels.

You collected 94 gold pieces.

Inventory:

Hand Weapons
 a - a +0 war axe (weapon)
Missiles
 j - a throwing net (quivered)
Armour
 b - a +0 scale mail (worn)
 c - a +0 buckler (worn)
Jewellery
 f - a +6 ring of dexterity (left hand)
Scrolls
 g - a scroll of noise {unknown}
 h - 2 scrolls of identify {unknown}
 m - a scroll of teleportation {unknown}
Potions
 d - 3 potions of might
 e - 2 potions of curing {unknown}
 i - a potion of berserk rage {unknown}
 k - a potion of degeneration {unknown}
 l - a potion of mutation {unknown}


   Skills:
 * Level 3.9 Fighting
 * Level 3.0 Axes
 + Level 3.2 Armour
 + Level 1.3 Dodging
 + Level 3.1 Shields


You had 4 spell levels left.
You didn't know any spells.
Your spell library contained the following spells:

 Spells                   Type           Power      Damage    Failure   Level
 Shock                    Conj/Air       0%         1d3       85%         1
 Sting                    Tmut/Pois      0%         1d3       85%         1
 Poisonous Vapours        Pois/Air       0%         N/A       94%         2
 Swiftness                Air            0%         N/A       99%         3
 Tukima's Dance           Hex            0%         N/A       99%         3
 Airstrike                Air            0%         N/A       100%        4
 Olgreb's Toxic Radiance  Pois           0%         N/A       100%        4
 Passage of Golubria      Tloc           0%         N/A       100%        4
 Yara's Violent Unravell  Hex/Tmut       0%         3d3       100%        5


Dungeon Overview and Level Annotations

Branches:
Dungeon (3/15)

Altars:
Gozag
Yredelemnul


Innate Abilities, Weirdness & Mutations

You regenerate a little health from kills.
You sometimes gain a little power by taking damage.
You have a small tail.


Message History

Your Axes skill increases to level 3!
You have reached level 5!
Your demonic ancestry asserts itself...
You grow a small tail.
A frilled lizard comes into view.
The frilled lizard hisses angrily.
Found 8 gold pieces.
The gnoll misses you.
You see here 8 gold pieces.
You now have 94 gold pieces (gained 8).
What are your orders? t - Shout!
Orders for allies: a - Attack new target. r - Retreat! s - Stop attacking. g - Guard the area. f - Follow me.
Anything else - Cancel.
Gang up on whom?
Press: ? - help, Dir - move target, f - gnoll
Aim: a gnoll, wielding a +0 halberd Attack!
Your iguana zombie bites the gnoll.
The gnoll hits your iguana zombie with a +0 halberd.
The gnoll hits your iguana zombie with a +0 halberd.
Your iguana zombie closely misses the gnoll.
The gnoll hits your iguana zombie with a +0 halberd!
Your iguana zombie bites the gnoll.
Your iguana zombie barely misses the gnoll.
Something completely misses your iguana zombie.
The gnoll hits your iguana zombie with a +0 spear!
Your iguana zombie is destroyed!
You block the gnoll's attack. The gnoll hits you with a +0 spear.
* * * LOW HITPOINT WARNING * * *
You slash the gnoll!
You kill the gnoll!
You hit the gnoll. The gnoll closely misses you. The frilled lizard bites you.
* * * LOW HITPOINT WARNING * * *
The gnoll hits you with a +0 spear.
You die...
Your body rises from the dead as a mindless zombie.

#.......##....# .
##..........###
#.##.#.....#
###..........#######
#......#.Z.........#
#.##.##.#.#..##########
#............####
######..#.......#
####@g#######.#
#....l..#####.#
#.#####.##....#####.. #
####.##......))...
#.$.....##.####...
#.#..##gl..# ..
#.......#### .
....##..... ####
#..#..#


You could see a gnoll and a frilled lizard.

Vanquished Creatures
  An iguana (D:3)
  4 gnolls
  2 adders
  4 dart slugs
  4 ball pythons
  6 endoplasms
  6 giant cockroaches
  6 goblins
  4 hobgoblins
  5 jackals
  3 bats (D:1)
  A frilled lizard (D:1)
  3 kobolds
  4 rats
53 creatures vanquished.

Vanquished Creatures (collateral kills)
  An adder (D:2)
  A frilled lizard (D:2)
2 creatures vanquished.

Vanquished Creatures (others)
  An iguana zombie (D:3)
  A ball python zombie (D:3)
  A giant cockroach zombie (D:3)
  A kobold zombie (D:2)
  2 rat zombies (D:3)
6 creatures vanquished.

Grand Total: 61 creatures vanquished

Notes
Turn   | Place    | Note
-------+----------+-------------------------------------------
     0 | D:1      | HallandMoats the Demonspawn Fighter began the quest for the
                  | Orb.
     0 | D:1      | Reached XP level 1. HP: 18/18 MP: 1/1
    70 | D:1      | Gained mutation: You regenerate a little health from kills.
                  | [demonic ancestry]
    70 | D:1      | Reached XP level 2. HP: 15/24 MP: 2/2
   512 | D:1      | Gained mutation: You sometimes gain a little power by
                  | taking damage. [demonic ancestry]
   512 | D:1      | Reached XP level 3. HP: 29/29 MP: 3/3
   597 | D:1      | Found a faded altar of an unknown god.
   605 | D:1      | Prayed at the altar of an unknown god.
   605 | D:1      | Became a worshipper of Yredelemnul the Dark
   605 | D:1      | Reached * piety under Yredelemnul
  1071 | D:2      | Found an opulent altar of Gozag.
  1082 | D:2      | Reached skill level 1 in Dodging
  1276 | D:2      | Reached XP level 4. HP: 33/36 MP: 4/4
  2077 | D:3      | Gained mutation: You have a small tail. [demonic ancestry]
  2077 | D:3      | Reached XP level 5. HP: 7/42 MP: 5/5
  2096 | D:3      | Slain by a gnoll

Illustrated notes

Levels and vault maps discovered:
D:1:      mushboom_english_gardens, layout_basic,
          hellmonk_ecumenical_altar_slurped_away, minmay_pentomino_r4
D:2:      layout_basic, basic_altar, due_unseen_surprise
D:3:      layout_basic, st_stairs_10, uniq_crazy_yiuf_cottage

Skill      XL: |  1  2  3  4 |
---------------+-------------+-----
Axes           | 2 3 |  3.0
Dodging        | 1 |  1.3
Shields        | 3 |  3.1
Armour         | 3 |  3.2
Fighting       | |  3.9

Action                   |  1- 3 |  4- 6 || total
-------------------------+-------+-------++-------
Melee: War axe           |    69 |    34 ||   103
Armor: Scale mail        |    18 |    12 ||    30
Dodge: Dodged            |    33 |    21 ||    54
Block: Buckler           |    19 |    11 ||    30

Table legend: (Time is in decaauts)
 A = Elapsed time spent in this place.
 B = Non-inter-level travel time spent in this place.
 C = Inter-level travel time spent in this place.
 D = Time resting spent in this place.
 E = Time spent auto-exploring this place.
 F = Levels seen in this place.
 G = Mean time per level.
                   A        B        C        D        E       F      G
               +--------+--------+--------+--------+--------+-----+--------+
         Total |   2137 |   2113 |     24 |      0 |   1769 |   3 |  712.3 |
       Dungeon |   2137 |   2113 |     24 |      0 |   1769 |   3 |  712.3 |
               +--------+--------+--------+--------+--------+-----+--------+

Top non-repeatable levels by time:
     D:1: 923 daAuts
     D:2: 793 daAuts
     D:3: 420 daAuts
